[ AOE2 MATCH · #478282992 ]
Team RMBurgundians vs Romans
[ REPLAY ANALYSIS · EXTRACTED FROM THE RECORDED GAME ]
Feudal
14:46
Castle
26:49
Imperial
38:43
| APM avg | 16.2 |
| APM peak | 106 |
| eAPM avg | 14.1 |
| Villagers / military | 138 / 273 |
Focus
⚔️ 27.1% · 🌾 72.9%
Hand Cannoneer ×72 · Spearman ×71 · Coustillier ×39 · Scout Cavalry ×32 · Bombard Cannon ×21 · Knight ×13
Feudal
12:17
Castle
18:48
Imperial
37:40
| APM avg | 24.6 |
| APM peak | 67 |
| eAPM avg | 16.3 |
| Villagers / military | 145 / 347 |
Focus
⚔️ 33.4% · 🌾 66.6%
Scout Cavalry ×126 · War Elephant ×117 · Archer ×103 · Trade Cart ×30 · Fishing Ship ×9 · Trebuchet (Packed) ×1
Feudal
14:30
Castle
23:34
Imperial
35:11
| APM avg | 19.1 |
| APM peak | 44 |
| eAPM avg | 15.9 |
| Villagers / military | 106 / 267 |
Focus
⚔️ 47.7% · 🌾 52.3%
Knight ×86 · Scout Cavalry ×55 · Spearman ×43 · Mangonel ×31 · Trade Cart ×21 · Berserk ×13
Feudal
11:38
Castle
29:10
Imperial
46:39
| APM avg | 24.5 |
| APM peak | 85 |
| eAPM avg | 15.6 |
| Villagers / military | 105 / 67 |
Focus
⚔️ 32.3% · 🌾 67.7%
Knight ×59 · Trade Cart ×30 · Bombard Cannon ×8
Feudal
16:45
Castle
21:21
Imperial
31:38
| APM avg | 18.1 |
| APM peak | 112 |
| eAPM avg | 16.7 |
| Villagers / military | 132 / 385 |
Focus
⚔️ 36.1% · 🌾 63.9%
Scorpion ×250 · Battering Ram ×132 · Trade Cart ×39 · Centurion ×3
Feudal
11:10
Castle
23:48
Imperial
44:08
| APM avg | 31.6 |
| APM peak | 87 |
| eAPM avg | 19.2 |
| Villagers / military | 87 / 75 |
Focus
⚔️ 17.9% · 🌾 82.1%
War Elephant ×44 · Scorpion ×12 · Trade Cart ×8 · Battering Ram ×8 · Mangonel ×6 · Scout Cavalry ×5
Feudal
13:23
Castle
26:29
Imperial
42:09
| APM avg | 16.1 |
| APM peak | 66 |
| eAPM avg | 11.3 |
| Villagers / military | 114 / 151 |
Focus
⚔️ 26.0% · 🌾 74.0%
Skirmisher ×84 · Elephant Archer ×53 · Archer ×12 · Trade Cart ×2 · Trebuchet (Packed) ×2
Feudal
11:57
Castle
25:24
Imperial
35:55
| APM avg | 29.5 |
| APM peak | 71 |
| eAPM avg | 16.3 |
| Villagers / military | 124 / 186 |
Focus
⚔️ 38.8% · 🌾 61.2%
Spearman ×119 · Scout Cavalry ×37 · Bombard Cannon ×15 · Petard ×8 · Urumi Swordsman ×5 · Militia ×2
Match map
Initial resources + every placement click. Lines = walls · curves = elevation contours. ◆ gold · ⬟ stone · ● berries · ✦ relic · ◌ wall gap
Your base· ✓ Closed at 26:49 · 62t walls · no gate
lokigr13's base· ✓ Closed at 18:48 · 0t walls · no gate
kappael02's base· ✓ Closed at 23:34 · 0t walls · no gate
Pandane_Cc's base· ✓ Closed at 29:10 · 39t walls · 1 gate(s)
Bruno MIRANDA's base· ✓ Closed at 21:21 · 0t walls · no gate
CHARLE§ITHO☻'s base· ✓ Closed at 23:48 · 0t walls · no gate
-1071-'s base· ✓ Closed at 26:29 · 128t walls · no gate
Blei Blei's base· ✓ Closed at 25:24 · 34t walls · no gate
Smoothed initial terrain · ◌ = detected wall gap · hover for details
Inputs per minute
— Astorre Aprile - - lokigr13
Build order — Astorre Aprile
First 150 of 410 actions detected
| 0:03 | Research | Loom |
| 0:03 | Create | Villager (Male) |
| 0:04 | Create | Villager (Male) |
| 0:04 | Create | Villager (Male) |
| 0:04 | Create | Villager (Male) |
| 0:10 | Build | House |
| 0:50 | Build | Palisade Wall |
| 0:54 | Build | Palisade Wall |
| 0:56 | Build | Palisade Wall |
| 2:48 | Build | House |
| 2:53 | Build | Palisade Wall |
| 3:24 | Create | Villager (Male) |
| 3:24 | Create | Villager (Male) |
| 4:34 | Create | Villager (Male) |
| 4:35 | Create | Villager (Male) |
| 5:03 | Create | Villager (Male) |
| 5:04 | Create | Villager (Male) |
| 5:39 | Create | Villager (Male) |
| 5:54 | Build | Mill |
| 6:14 | Build | House |
| 6:24 | Create | Villager (Male) |
| 6:40 | Create | Villager (Male) |
| 6:40 | Create | Villager (Male) |
| 7:01 | Create | Villager (Male) |
| 7:25 | Create | Villager (Male) |
| 7:55 | Create | Villager (Male) |
| 7:56 | Create | Villager (Male) |
| 8:16 | Build | Mill |
| 8:40 | Build | Lumber Camp |
| 8:52 | Build | House |
| 8:58 | Create | Villager (Male) |
| 8:58 | Create | Villager (Male) |
| 8:59 | Create | Villager (Male) |
| 9:22 | Create | Villager (Male) |
| 9:59 | Create | Villager (Male) |
| 10:00 | Create | Villager (Male) |
| 10:40 | Build | House |
| 10:41 | Build | House |
| 12:36 | Research | Feudal Age |
| 12:37 | Research | Wheelbarrow |
| 12:40 | Research | Horse Collar |
| 14:46 | Age | Feudal Age |
| 17:54 | Create | Villager (Male) ×5 |
| 17:54 | Create | Villager (Male) ×2 |
| 17:58 | Build | Farm |
| 17:59 | Build | Farm |
| 18:00 | Build | Farm |
| 18:01 | Build | Farm |
| 18:02 | Build | Farm |
| 18:03 | Build | Farm |
| 18:12 | Build | Farm |
| 18:14 | Build | Farm |
| 18:15 | Build | Farm |
| 18:16 | Build | Farm |
| 18:18 | Build | Farm |
| 18:19 | Build | Farm |
| 18:20 | Build | Farm |
| 18:25 | Build | Mill |
| 18:25 | Build | Farm |
| 18:27 | Build | Farm |
| 18:32 | Build | Mill |
| 18:43 | Build | Market |
| 18:50 | Build | Blacksmith |
| 18:59 | Build | House |
| 19:00 | Build | House |
| 19:03 | Build | House |
| 19:05 | Build | House |
| 19:22 | Build | Farm |
| 19:23 | Build | Farm |
| 19:24 | Build | Farm |
| 19:25 | Build | Farm |
| 19:35 | Build | Stone Wall |
| 19:38 | Build | Stone Wall |
| 20:01 | Research | Caravan |
| 20:17 | Build | Mining Camp |
| 20:21 | Create | Villager (Male) |
| 20:21 | Create | Villager (Male) |
| 20:54 | Create | Villager (Male) |
| 21:18 | Research | Heavy Plow |
| 21:19 | Research | Double-Bit Axe |
| 21:25 | Create | Villager (Male) |
| 22:13 | Create | Villager (Male) |
| 22:17 | Build | Farm |
| 22:18 | Build | Farm |
| 22:40 | Create | Villager (Male) |
| 22:51 | Build | Mill |
| 22:52 | Build | Farm |
| 22:53 | Build | Farm |
| 22:54 | Build | Farm |
| 22:55 | Build | Farm |
| 22:56 | Build | Farm |
| 22:58 | Build | Farm |
| 23:05 | Create | Villager (Male) |
| 23:05 | Create | Villager (Male) |
| 23:26 | Build | Outpost |
| 23:50 | Research | Castle Age |
| 23:59 | Build | Lumber Camp |
| 24:24 | Build | Stone Wall |
| 24:28 | Build | Stone Wall |
| 24:34 | Build | Stone Wall |
| 24:47 | Build | Mining Camp |
| 25:03 | Research | Gold Mining |
| 25:04 | Research | Stone Mining |
| 25:08 | Research | Bow Saw |
| 25:12 | Research | Fletching |
| 25:17 | Create | Trade Cart |
| 25:35 | Research | Town Watch |
| 26:01 | Research | Padded Archer Armor |
| 26:02 | Research | Scale Barding Armor |
| 26:08 | Build | Barracks |
| 26:49 | Age | Castle Age |
| 27:00 | Build | Monastery |
| 27:11 | Build | Town Center |
| 27:14 | Create | Villager (Male) |
| 27:15 | Create | Villager (Male) |
| 27:15 | Create | Villager (Male) |
| 27:15 | Create | Villager (Male) |
| 27:20 | Create | Villager (Male) |
| 27:46 | Build | Mining Camp |
| 27:53 | Create | Monk |
| 28:22 | Build | Lumber Camp |
| 28:27 | Research | Two-Man Saw |
| 28:33 | Create | Villager (Male) |
| 28:33 | Create | Villager (Male) |
| 28:34 | Create | Villager (Male) |
| 28:34 | Create | Villager (Male) |
| 28:40 | Create | Villager (Male) |
| 28:40 | Create | Villager (Male) |
| 29:00 | Research | Fervor |
| 29:12 | Build | Town Center |
| 29:19 | Create | Villager (Male) |
| 29:19 | Create | Villager (Male) |
| 29:26 | Create | Villager (Male) |
| 29:56 | Research | Bodkin Arrow |
| 30:00 | Create | Villager (Male) |
| 30:01 | Create | Villager (Male) |
| 30:01 | Create | Villager (Male) |
| 30:15 | Research | Gold Shaft Mining |
| 30:17 | Research | Stone Shaft Mining |
| 30:30 | Build | Farm |
| 30:40 | Build | Mill |
| 30:46 | Build | Mill |
| 30:48 | Build | Farm |
| 30:50 | Build | Farm |
| 30:52 | Build | Farm |
| 30:55 | Build | Farm |
| 31:00 | Create | Villager (Male) |
| 31:01 | Create | Villager (Male) |
| 31:03 | Create | Villager (Male) |
| 31:03 | Create | Villager (Male) |
Build order — lokigr13
First 150 of 544 actions detected
| 0:01 | Create | Villager (Male) |
| 0:01 | Create | Villager (Male) |
| 0:02 | Create | Villager (Male) |
| 0:02 | Create | Villager (Male) |
| 0:02 | Create | Villager (Male) |
| 0:02 | Create | Villager (Male) |
| 0:05 | Build | House |
| 0:07 | Build | House |
| 1:32 | Create | Villager (Male) |
| 1:33 | Create | Villager (Male) |
| 2:17 | Create | Villager (Male) |
| 2:17 | Create | Villager (Male) |
| 3:09 | Create | Villager (Male) |
| 3:09 | Create | Villager (Male) |
| 3:09 | Create | Villager (Male) |
| 3:59 | Create | Villager (Male) |
| 4:00 | Create | Villager (Male) |
| 4:00 | Create | Villager (Male) |
| 4:08 | Build | Mill |
| 4:18 | Create | Villager (Male) |
| 4:18 | Create | Villager (Male) |
| 4:25 | Build | House |
| 4:38 | Create | Villager (Male) |
| 4:38 | Create | Villager (Male) |
| 4:59 | Build | House |
| 5:42 | Build | Dock |
| 5:46 | Create | Villager (Male) |
| 5:46 | Create | Villager (Male) |
| 6:03 | Create | Villager (Male) |
| 6:03 | Create | Villager (Male) |
| 6:03 | Create | Villager (Male) |
| 6:28 | Create | Fishing Ship |
| 6:39 | Build | Mining Camp |
| 6:49 | Create | Villager (Male) |
| 7:44 | Build | Mining Camp |
| 7:59 | Create | Villager (Male) |
| 8:07 | Build | House |
| 8:39 | Build | Lumber Camp |
| 8:47 | Create | Villager (Male) |
| 9:16 | Create | Villager (Male) |
| 10:14 | Research | Feudal Age |
| 10:40 | Create | Fishing Ship |
| 10:51 | Build | House |
| 10:54 | Build | House |
| 11:48 | Build | Mill |
| 11:55 | Create | Fishing Ship |
| 12:17 | Age | Feudal Age |
| 12:31 | Create | Villager (Male) |
| 12:32 | Create | Villager (Male) |
| 12:34 | Research | Loom |
| 12:47 | Build | Mill |
| 13:44 | Build | Market |
| 13:50 | Create | Villager (Male) |
| 14:15 | Create | Villager (Male) |
| 14:57 | Create | Villager (Male) |
| 15:06 | Create | Fishing Ship |
| 15:08 | Create | Fishing Ship |
| 15:25 | Create | Villager (Male) |
| 15:33 | Build | Blacksmith |
| 15:49 | Create | Villager (Male) |
| 16:22 | Research | Castle Age |
| 17:26 | Build | House |
| 17:28 | Build | House |
| 17:38 | Create | Trade Cart |
| 17:38 | Create | Trade Cart |
| 17:39 | Create | Trade Cart |
| 18:47 | Build | Fish Trap |
| 18:48 | Age | Castle Age |
| 18:49 | Build | Fish Trap |
| 18:54 | Build | Fish Trap |
| 18:57 | Build | Fish Trap |
| 19:02 | Build | Fish Trap |
| 19:04 | Create | Fishing Ship |
| 19:06 | Create | Villager (Male) |
| 19:07 | Create | Villager (Male) |
| 19:07 | Create | Villager (Male) |
| 19:09 | Create | Villager (Male) |
| 19:47 | Build | Fish Trap |
| 19:57 | Create | Villager (Male) |
| 20:00 | Research | Double-Bit Axe |
| 20:09 | Build | Town Center |
| 20:18 | Create | Villager (Male) |
| 20:20 | Create | Villager (Male) |
| 21:16 | Build | Castle |
| 21:22 | Create | Villager (Male) |
| 21:22 | Create | Villager (Male) |
| 21:22 | Create | Villager (Male) |
| 21:22 | Create | Villager (Male) |
| 21:23 | Create | Villager (Male) |
| 21:47 | Create | Villager (Male) |
| 21:47 | Create | Villager (Male) |
| 22:14 | Create | Villager (Male) |
| 22:14 | Create | Villager (Male) |
| 22:22 | Create | Trade Cart |
| 22:23 | Create | Trade Cart |
| 22:23 | Create | Trade Cart |
| 22:28 | Create | Fishing Ship |
| 22:28 | Create | Fishing Ship |
| 22:37 | Build | House |
| 22:38 | Build | House |
| 22:40 | Build | House |
| 23:17 | Create | Villager (Male) |
| 23:17 | Create | Villager (Male) |
| 23:33 | Build | Town Center |
| 23:36 | Create | Villager (Male) |
| 23:37 | Create | Villager (Male) |
| 23:37 | Create | Villager (Male) |
| 23:46 | Build | Farm |
| 23:48 | Build | Farm |
| 23:50 | Build | Farm |
| 23:53 | Build | Farm |
| 23:56 | Build | Farm |
| 23:59 | Build | Farm |
| 24:01 | Build | Farm |
| 24:05 | Build | Farm |
| 24:09 | Create | Villager (Male) |
| 24:10 | Create | Villager (Male) |
| 24:10 | Create | Villager (Male) |
| 24:10 | Create | Villager (Male) |
| 24:30 | Create | Trade Cart |
| 24:51 | Build | Stone Wall |
| 24:58 | Research | Bow Saw |
| 25:08 | Create | Villager (Male) |
| 25:08 | Create | Villager (Male) |
| 25:13 | Create | Fishing Ship |
| 25:19 | Build | Farm |
| 25:23 | Build | Farm |
| 25:26 | Build | Farm |
| 25:29 | Build | Farm |
| 25:32 | Build | Farm |
| 25:38 | Create | Villager (Male) |
| 25:38 | Create | Villager (Male) |
| 25:38 | Create | Villager (Male) |
| 25:38 | Create | Villager (Male) |
| 25:43 | Build | Fish Trap |
| 25:53 | Build | Fish Trap |
| 25:59 | Build | Fish Trap |
| 26:05 | Create | Villager (Male) |
| 26:05 | Create | Villager (Male) |
| 26:05 | Create | Villager (Male) |
| 26:08 | Create | Villager (Male) |
| 26:08 | Create | Villager (Male) |
| 26:21 | Create | Villager (Male) |
| 26:21 | Create | Villager (Male) |
| 26:30 | Build | Town Center |
| 26:33 | Create | Villager (Male) |
| 26:33 | Create | Villager (Male) |
| 26:34 | Create | Villager (Male) |
| 26:48 | Build | House |
| 26:50 | Build | House |
Build order — kappael02
First 150 of 625 actions detected
| 0:05 | Build | House |
| 0:06 | Build | House |
| 0:08 | Build | House |
| 0:08 | Research | Loom |
| 0:09 | Create | Villager (Male) |
| 0:09 | Create | Villager (Male) |
| 0:09 | Create | Villager (Male) |
| 0:09 | Create | Villager (Male) |
| 1:48 | Build | Lumber Camp |
| 2:23 | Create | Villager (Male) |
| 2:33 | Create | Villager (Male) |
| 4:10 | Build | Outpost |
| 4:25 | Build | House |
| 4:28 | Create | Villager (Male) |
| 5:14 | Build | Outpost |
| 5:22 | Create | Villager (Male) |
| 6:01 | Create | Villager (Male) |
| 6:24 | Build | Outpost |
| 6:38 | Build | Barracks |
| 6:49 | Build | Dock |
| 7:26 | Create | Villager (Male) |
| 7:26 | Create | Villager (Male) |
| 7:56 | Build | House |
| 8:00 | Create | Villager (Male) |
| 8:00 | Create | Villager (Male) |
| 8:38 | Build | Lumber Camp |
| 8:49 | Create | Villager (Male) |
| 8:50 | Create | Villager (Male) |
| 9:20 | Create | Fishing Ship |
| 9:31 | Create | Villager (Male) |
| 9:31 | Create | Villager (Male) |
| 9:57 | Create | Fishing Ship |
| 10:25 | Create | Villager (Male) |
| 10:56 | Create | Fishing Ship |
| 11:09 | Build | Mining Camp |
| 11:19 | Create | Villager (Male) |
| 11:45 | Build | Mill |
| 11:51 | Create | Villager (Male) |
| 12:20 | Research | Feudal Age |
| 12:28 | Build | Mill |
| 13:16 | Create | Fishing Ship |
| 14:30 | Age | Feudal Age |
| 14:30 | Research | Double-Bit Axe |
| 14:33 | Create | Villager (Male) |
| 14:33 | Create | Villager (Male) |
| 14:34 | Create | Villager (Male) |
| 14:43 | Research | Gold Mining |
| 15:06 | Build | Archery Range |
| 15:16 | Create | Villager (Male) |
| 15:47 | Build | Fish Trap |
| 15:49 | Create | Villager (Male) |
| 15:52 | Create | Villager (Male) |
| 16:06 | Create | Archer |
| 16:21 | Create | Villager (Male) |
| 16:27 | Build | House |
| 16:28 | Build | House |
| 16:38 | Create | Villager (Male) |
| 16:49 | Build | Fish Trap |
| 17:23 | Build | Fish Trap |
| 17:35 | Build | Fish Trap |
| 17:38 | Create | Villager (Male) |
| 17:54 | Build | Mining Camp |
| 17:55 | Create | Villager (Male) |
| 18:08 | Build | Watch Tower |
| 18:10 | Create | Archer |
| 18:10 | Create | Archer |
| 18:27 | Create | Villager (Male) |
| 18:40 | Build | Farm |
| 18:55 | Create | Villager (Male) |
| 18:58 | Build | Farm |
| 19:00 | Build | Farm |
| 19:07 | Build | Farm |
| 19:08 | Create | Villager (Male) |
| 19:08 | Create | Villager (Male) |
| 19:16 | Build | Farm |
| 19:24 | Build | House |
| 19:37 | Build | House |
| 19:38 | Create | Archer |
| 19:48 | Build | Blacksmith |
| 19:51 | Build | Farm |
| 19:54 | Build | House |
| 19:57 | Build | House |
| 20:06 | Research | Tech 906 |
| 20:26 | Create | Archer |
| 20:43 | Build | Farm |
| 20:49 | Build | Farm |
| 20:53 | Build | Farm |
| 20:54 | Research | Castle Age |
| 21:05 | Research | Fletching |
| 21:12 | Create | Archer |
| 21:16 | Build | Market |
| 21:41 | Research | Stone Mining |
| 21:56 | Build | Lumber Camp |
| 22:09 | Research | Forging |
| 22:20 | Create | Archer |
| 22:32 | Build | House |
| 22:33 | Build | House |
| 22:41 | Create | Trade Cart |
| 22:51 | Research | Arson |
| 23:00 | Research | Scale Barding Armor |
| 23:07 | Create | Fishing Ship |
| 23:16 | Build | Dock |
| 23:34 | Age | Castle Age |
| 24:04 | Build | Fish Trap |
| 24:16 | Build | Town Center |
| 24:32 | Research | Bow Saw |
| 24:35 | Create | Villager (Male) |
| 24:36 | Create | Villager (Male) |
| 24:36 | Create | Villager (Male) |
| 24:55 | Research | Gold Shaft Mining |
| 25:01 | Research | Horse Collar |
| 25:06 | Create | Villager (Male) |
| 25:30 | Research | Caravan |
| 25:30 | Create | Trade Cart |
| 25:47 | Create | Villager (Male) |
| 25:52 | Build | Town Center |
| 25:56 | Create | Villager (Male) |
| 26:16 | Create | Villager (Male) |
| 26:17 | Create | Villager (Male) |
| 26:51 | Create | Villager (Male) |
| 26:53 | Create | Villager (Male) |
| 26:56 | Build | Farm |
| 26:57 | Create | Villager (Male) |
| 27:01 | Create | Villager (Male) |
| 27:10 | Create | Villager (Male) |
| 27:13 | Create | Villager (Male) |
| 27:42 | Build | Castle |
| 27:53 | Create | Villager (Male) |
| 27:53 | Create | Villager (Male) |
| 28:03 | Build | Monastery |
| 28:11 | Create | Villager (Male) |
| 28:11 | Create | Villager (Male) |
| 28:22 | Create | Fishing Ship |
| 28:22 | Create | Fishing Ship |
| 28:24 | Create | Villager (Male) |
| 28:24 | Create | Villager (Male) |
| 28:28 | Build | Monastery |
| 28:39 | Build | Siege Workshop |
| 28:42 | Research | Iron Casting |
| 28:49 | Build | Farm |
| 28:51 | Build | Farm |
| 28:52 | Build | Farm |
| 28:53 | Build | Farm |
| 28:54 | Build | Farm |
| 28:58 | Create | Trade Cart |
| 28:58 | Create | Trade Cart |
| 29:01 | Create | Villager (Male) |
| 29:02 | Create | Villager (Male) |
| 29:21 | Build | Mining Camp |
| 29:22 | Create | Berserk |
Build order — Pandane_Cc
First 150 of 375 actions detected
| 0:02 | Research | Loom |
| 0:02 | Create | Villager (Male) |
| 0:05 | Build | House |
| 0:08 | Build | House |
| 0:19 | Build | Palisade Wall |
| 0:56 | Create | Villager (Male) |
| 0:56 | Create | Villager (Male) |
| 0:56 | Create | Villager (Male) |
| 2:09 | Create | Villager (Male) |
| 2:09 | Create | Villager (Male) |
| 2:31 | Create | Villager (Male) |
| 3:16 | Create | Villager (Male) |
| 3:16 | Create | Villager (Male) |
| 3:41 | Create | Villager (Male) |
| 3:41 | Create | Villager (Male) |
| 4:01 | Create | Villager (Male) |
| 4:46 | Create | Villager (Male) |
| 4:48 | Build | House |
| 5:06 | Build | Mill |
| 5:52 | Create | Villager (Male) |
| 5:52 | Create | Villager (Male) |
| 5:59 | Create | Villager (Male) |
| 6:00 | Create | Villager (Male) |
| 6:18 | Create | Villager (Male) |
| 6:18 | Create | Villager (Male) |
| 6:46 | Build | House |
| 7:09 | Build | Mining Camp |
| 7:48 | Create | Villager (Male) |
| 7:50 | Create | Villager (Male) |
| 8:27 | Build | Lumber Camp |
| 9:28 | Research | Feudal Age |
| 9:50 | Build | House |
| 9:51 | Build | House |
| 10:35 | Create | Villager (Male) |
| 10:35 | Create | Villager (Male) |
| 10:36 | Create | Villager (Male) |
| 11:21 | Create | Villager (Male) |
| 11:38 | Age | Feudal Age |
| 11:44 | Build | Watch Tower |
| 11:52 | Research | Double-Bit Axe |
| 13:03 | Create | Villager (Male) |
| 13:43 | Build | Watch Tower |
| 14:28 | Create | Villager (Male) |
| 14:28 | Create | Villager (Male) |
| 14:56 | Build | House |
| 14:57 | Build | House |
| 14:58 | Build | House |
| 15:00 | Build | Farm |
| 15:02 | Create | Villager (Male) |
| 15:21 | Build | Farm |
| 15:30 | Build | Watch Tower |
| 15:57 | Build | Farm |
| 15:58 | Create | Villager (Male) |
| 16:02 | Build | Mill |
| 16:08 | Build | Watch Tower |
| 16:16 | Create | Villager (Male) |
| 16:22 | Build | House |
| 17:22 | Build | Farm |
| 17:24 | Build | Farm |
| 17:25 | Create | Villager (Male) |
| 17:41 | Create | Villager (Male) |
| 17:50 | Build | Stone Wall |
| 18:05 | Build | Watch Tower |
| 18:15 | Build | Stone Wall |
| 19:16 | Build | Farm |
| 19:18 | Build | Farm |
| 19:31 | Build | Watch Tower |
| 19:41 | Build | Palisade Wall |
| 19:42 | Build | Palisade Wall |
| 19:47 | Build | Palisade Wall |
| 19:48 | Build | Palisade Wall |
| 19:51 | Build | Palisade Wall |
| 20:00 | Create | Villager (Male) |
| 20:00 | Create | Villager (Male) |
| 20:00 | Create | Villager (Male) |
| 21:49 | Create | Villager (Male) |
| 21:49 | Create | Villager (Male) |
| 22:04 | Build | Gate |
| 22:52 | Create | Villager (Male) |
| 22:52 | Create | Villager (Male) |
| 22:53 | Create | Villager (Male) |
| 22:53 | Create | Villager (Male) |
| 22:56 | Build | Mining Camp |
| 23:16 | Build | Watch Tower |
| 23:25 | Build | Farm |
| 23:26 | Create | Villager (Male) |
| 23:26 | Create | Villager (Male) |
| 24:22 | Build | Farm |
| 24:25 | Build | Farm |
| 25:23 | Build | Market |
| 25:25 | Build | Blacksmith |
| 25:43 | Build | Lumber Camp |
| 26:01 | Build | Mill |
| 26:09 | Build | Blacksmith |
| 26:30 | Research | Castle Age |
| 28:58 | Create | Villager (Male) |
| 28:58 | Create | Villager (Male) |
| 29:00 | Create | Villager (Male) |
| 29:00 | Create | Villager (Male) |
| 29:04 | Create | Villager (Male) |
| 29:05 | Create | Villager (Male) |
| 29:06 | Create | Villager (Male) |
| 29:06 | Create | Villager (Male) |
| 29:06 | Create | Villager (Male) |
| 29:10 | Age | Castle Age |
| 29:15 | Build | Town Center |
| 29:20 | Build | Castle |
| 29:32 | Build | Stone Wall |
| 29:36 | Build | Stone Wall |
| 29:40 | Build | Stone Wall |
| 29:47 | Build | Stone Wall |
| 31:10 | Create | Villager (Male) |
| 31:10 | Create | Villager (Male) |
| 31:11 | Create | Villager (Male) |
| 31:13 | Create | Villager (Male) |
| 31:13 | Create | Villager (Male) |
| 31:17 | Create | Villager (Male) |
| 31:18 | Create | Villager (Male) |
| 31:19 | Create | Villager (Male) |
| 32:20 | Build | Mining Camp |
| 32:24 | Create | Villager (Male) |
| 32:24 | Create | Villager (Male) |
| 32:26 | Research | Gold Mining |
| 32:28 | Create | Villager (Male) |
| 33:03 | Create | Villager (Male) |
| 33:04 | Create | Villager (Male) |
| 33:04 | Create | Villager (Male) |
| 33:25 | Create | Villager (Male) |
| 33:26 | Create | Villager (Male) |
| 33:38 | Create | Trade Cart |
| 33:38 | Create | Trade Cart |
| 33:39 | Create | Trade Cart |
| 34:02 | Create | Villager (Male) |
| 34:03 | Create | Villager (Male) |
| 34:04 | Create | Villager (Male) |
| 34:05 | Create | Villager (Male) |
| 34:10 | Build | Market |
| 35:43 | Create | Villager (Male) |
| 35:43 | Create | Villager (Male) |
| 35:45 | Create | Villager (Male) |
| 35:45 | Create | Villager (Male) |
| 35:56 | Create | Trade Cart |
| 36:21 | Create | Villager (Male) |
| 36:22 | Create | Villager (Male) |
| 36:25 | Build | Farm |
| 36:38 | Build | House |
| 36:39 | Build | House |
| 36:42 | Build | House |
| 36:43 | Build | House |
| 36:46 | Build | Farm |
Build order — Bruno MIRANDA
First 150 of 340 actions detected
| 0:01 | Create | Villager (Male) |
| 0:02 | Create | Villager (Male) |
| 0:02 | Create | Villager (Male) |
| 0:03 | Create | Villager (Male) |
| 0:03 | Create | Villager (Male) |
| 0:05 | Build | House |
| 0:42 | Build | House |
| 0:44 | Build | House |
| 0:44 | Build | House |
| 1:51 | Create | Villager (Male) |
| 2:13 | Create | Villager (Male) |
| 2:13 | Create | Villager (Male) |
| 3:19 | Create | Villager (Male) |
| 3:20 | Create | Villager (Male) |
| 3:20 | Create | Villager (Male) |
| 3:20 | Create | Villager (Male) |
| 3:56 | Create | Villager (Male) |
| 4:23 | Create | Villager (Male) |
| 4:23 | Create | Villager (Male) |
| 4:40 | Create | Villager (Male) |
| 4:40 | Create | Villager (Male) |
| 4:43 | Create | Villager (Male) |
| 5:18 | Build | Mill |
| 5:48 | Create | Villager (Male) ×2 |
| 5:48 | Create | Villager (Male) ×2 |
| 6:27 | Build | Lumber Camp |
| 6:37 | Create | Villager (Male) |
| 6:37 | Create | Villager (Male) |
| 6:49 | Build | Mining Camp |
| 7:10 | Create | Villager (Male) |
| 7:14 | Create | Villager (Male) |
| 7:53 | Create | Villager (Male) |
| 7:54 | Create | Villager (Male) |
| 7:54 | Create | Villager (Male) |
| 8:07 | Build | House |
| 8:08 | Build | House |
| 8:09 | Build | House |
| 8:09 | Build | House |
| 9:13 | Build | Mill |
| 9:35 | Create | Villager (Male) |
| 9:36 | Create | Villager (Male) |
| 9:36 | Create | Villager (Male) |
| 9:37 | Create | Villager (Male) |
| 9:58 | Create | Villager (Male) |
| 10:56 | Build | Mill |
| 11:08 | Build | Mining Camp |
| 11:29 | Create | Villager (Male) ×4 |
| 11:30 | Create | Villager (Male) ×4 |
| 11:40 | Build | Farm |
| 12:23 | Build | Farm |
| 12:23 | Build | Farm |
| 12:23 | Build | Farm |
| 12:24 | Build | Farm |
| 12:24 | Build | Farm |
| 12:24 | Build | Farm |
| 12:27 | Create | Villager (Male) |
| 12:28 | Create | Villager (Male) |
| 12:28 | Create | Villager (Male) |
| 12:28 | Create | Villager (Male) |
| 13:59 | Build | Barracks |
| 14:21 | Research | Feudal Age |
| 16:45 | Age | Feudal Age |
| 16:49 | Build | Blacksmith |
| 16:57 | Build | Market |
| 17:13 | Research | Double-Bit Axe |
| 17:20 | Research | Horse Collar |
| 17:30 | Create | Villager (Male) |
| 17:30 | Create | Villager (Male) |
| 18:28 | Build | Farm |
| 18:28 | Build | Farm |
| 18:29 | Build | Farm |
| 18:29 | Build | Farm |
| 18:29 | Build | Farm |
| 18:30 | Build | Farm |
| 18:30 | Build | Farm |
| 18:32 | Build | Farm |
| 18:32 | Build | Farm |
| 18:33 | Build | Farm |
| 18:33 | Build | Farm |
| 18:33 | Build | Farm |
| 18:34 | Build | Farm |
| 18:34 | Build | Farm |
| 18:41 | Research | Castle Age |
| 19:02 | Build | Farm |
| 19:04 | Build | Farm |
| 20:03 | Research | Stone Mining |
| 21:05 | Build | Farm |
| 21:21 | Age | Castle Age |
| 21:25 | Build | Town Center |
| 21:30 | Build | Town Center |
| 21:35 | Build | Town Center |
| 21:58 | Create | Villager (Male) ×5 |
| 22:00 | Research | Wheelbarrow |
| 22:04 | Research | Heavy Plow |
| 22:17 | Create | Villager (Male) |
| 22:56 | Build | Town Center |
| 24:35 | Build | Castle |
| 24:48 | Create | Villager (Male) ×4 |
| 24:49 | Create | Villager (Male) ×4 |
| 25:49 | Create | Villager (Male) ×5 |
| 25:50 | Create | Villager (Male) ×4 |
| 25:50 | Create | Villager (Male) ×4 |
| 25:51 | Create | Villager (Male) |
| 25:52 | Create | Villager (Male) |
| 26:03 | Research | Gold Mining |
| 26:13 | Research | Fletching |
| 26:22 | Create | Trade Cart ×3 |
| 26:22 | Create | Trade Cart ×3 |
| 26:57 | Create | Villager (Male) ×5 |
| 26:58 | Create | Villager (Male) ×2 |
| 26:58 | Create | Villager (Male) ×2 |
| 27:12 | Build | Lumber Camp |
| 27:29 | Build | Lumber Camp |
| 27:46 | Build | Lumber Camp |
| 27:50 | Build | Farm |
| 27:51 | Build | Farm |
| 27:53 | Build | Farm |
| 28:01 | Build | Siege Workshop |
| 28:02 | Build | Siege Workshop |
| 28:28 | Research | Imperial Age |
| 28:42 | Build | Farm |
| 28:42 | Build | Farm |
| 28:42 | Build | Farm |
| 28:43 | Build | Farm |
| 28:44 | Build | Farm |
| 28:54 | Create | Trade Cart ×2 |
| 28:55 | Create | Trade Cart ×2 |
| 29:08 | Create | Villager (Male) ×5 |
| 29:08 | Create | Villager (Male) ×5 |
| 29:09 | Create | Villager (Male) |
| 29:19 | Build | Siege Workshop |
| 29:20 | Build | Siege Workshop |
| 29:23 | Build | Siege Workshop |
| 29:23 | Build | Siege Workshop |
| 29:41 | Build | House |
| 29:42 | Build | House |
| 29:43 | Build | House |
| 29:47 | Build | House |
| 29:48 | Build | House |
| 29:50 | Build | House |
| 29:51 | Build | House |
| 29:53 | Build | House |
| 29:54 | Build | House |
| 29:54 | Build | House |
| 29:54 | Build | House |
| 29:54 | Build | House |
| 29:55 | Build | House |
| 29:56 | Build | House |
| 29:56 | Build | House |
| 29:57 | Build | House |
Build order — CHARLE§ITHO☻
First 150 of 281 actions detected
| 0:10 | Build | House |
| 0:12 | Build | House |
| 0:18 | Create | Villager (Male) |
| 0:19 | Create | Villager (Male) |
| 0:19 | Create | Villager (Male) |
| 0:58 | Create | Villager (Male) |
| 0:58 | Create | Villager (Male) |
| 1:34 | Build | Lumber Camp |
| 2:14 | Create | Villager (Male) |
| 2:35 | Build | Mill |
| 2:46 | Create | Villager (Male) |
| 2:47 | Create | Villager (Male) |
| 3:08 | Create | Villager (Male) |
| 3:08 | Create | Villager (Male) |
| 3:25 | Create | Villager (Male) |
| 3:25 | Create | Villager (Male) |
| 4:12 | Create | Villager (Male) |
| 4:12 | Create | Villager (Male) |
| 4:12 | Create | Villager (Male) |
| 5:26 | Create | Villager (Male) |
| 5:26 | Create | Villager (Male) |
| 5:26 | Create | Villager (Male) |
| 5:31 | Build | House |
| 7:00 | Create | Villager (Male) |
| 7:00 | Create | Villager (Male) |
| 7:00 | Create | Villager (Male) |
| 7:16 | Build | House |
| 8:13 | Build | Lumber Camp |
| 9:07 | Research | Feudal Age |
| 9:13 | Build | Farm |
| 9:18 | Build | Farm |
| 9:22 | Build | Farm |
| 9:38 | Build | Barracks |
| 9:51 | Build | Farm |
| 10:56 | Build | Farm |
| 11:10 | Age | Feudal Age |
| 11:29 | Build | Mill |
| 11:31 | Create | Villager (Male) |
| 11:31 | Create | Villager (Male) |
| 11:32 | Create | Villager (Male) |
| 11:32 | Create | Villager (Male) |
| 11:32 | Create | Villager (Male) |
| 11:32 | Create | Villager (Male) |
| 11:33 | Create | Villager (Male) |
| 11:33 | Create | Villager (Male) |
| 11:33 | Create | Villager (Male) |
| 12:04 | Build | Mining Camp |
| 12:25 | Build | House |
| 12:57 | Build | Stable |
| 12:58 | Build | Stable |
| 13:00 | Build | Stable |
| 13:01 | Build | Stable |
| 13:45 | Build | Lumber Camp |
| 13:54 | Build | House |
| 14:02 | Build | Mining Camp |
| 14:04 | Create | Scout Cavalry |
| 14:04 | Create | Scout Cavalry |
| 14:06 | Create | Scout Cavalry |
| 14:06 | Create | Scout Cavalry |
| 14:06 | Create | Scout Cavalry |
| 14:14 | Create | Villager (Male) |
| 14:14 | Create | Villager (Male) |
| 14:15 | Create | Villager (Male) |
| 14:31 | Build | Farm |
| 14:39 | Build | Farm |
| 14:46 | Create | Villager (Male) |
| 14:51 | Create | Villager (Male) |
| 15:40 | Build | House |
| 16:11 | Build | House |
| 16:13 | Build | House |
| 17:22 | Create | Villager (Male) |
| 17:22 | Create | Villager (Male) |
| 17:22 | Create | Villager (Male) |
| 17:23 | Create | Villager (Male) |
| 17:36 | Build | Farm |
| 17:43 | Create | Villager (Male) |
| 17:53 | Build | Blacksmith |
| 17:59 | Build | Market |
| 19:29 | Create | Villager (Male) |
| 19:29 | Create | Villager (Male) |
| 19:29 | Create | Villager (Male) |
| 19:36 | Create | Villager (Male) |
| 19:36 | Create | Villager (Male) |
| 20:21 | Build | Watch Tower |
| 20:23 | Build | Watch Tower |
| 20:25 | Build | Watch Tower |
| 20:40 | Research | Castle Age |
| 21:41 | Build | Watch Tower |
| 22:15 | Build | Watch Tower |
| 22:21 | Create | Villager (Male) |
| 22:22 | Create | Villager (Male) |
| 22:52 | Create | Villager (Male) |
| 22:52 | Create | Villager (Male) |
| 22:52 | Create | Villager (Male) |
| 22:52 | Create | Villager (Male) |
| 23:02 | Build | Farm |
| 23:03 | Build | Farm |
| 23:48 | Age | Castle Age |
| 24:19 | Build | Castle |
| 24:29 | Create | Villager (Male) |
| 24:29 | Create | Villager (Male) |
| 24:39 | Build | Lumber Camp |
| 24:44 | Build | Town Center |
| 25:29 | Build | Farm |
| 26:03 | Build | House |
| 26:05 | Build | House |
| 26:08 | Create | Villager (Male) |
| 26:12 | Create | Villager (Male) |
| 26:12 | Create | Villager (Male) |
| 26:41 | Build | Castle |
| 27:27 | Create | War Elephant |
| 27:28 | Create | War Elephant |
| 27:37 | Build | Siege Workshop |
| 27:42 | Create | Villager (Male) |
| 27:42 | Create | Villager (Male) |
| 27:42 | Create | Villager (Male) |
| 27:43 | Create | Villager (Male) |
| 27:44 | Create | Villager (Male) |
| 27:45 | Build | Farm |
| 27:45 | Build | Farm |
| 27:49 | Build | Farm |
| 27:52 | Build | Farm |
| 28:12 | Create | Battering Ram |
| 28:20 | Build | Town Center |
| 28:41 | Create | War Elephant |
| 28:47 | Build | Farm |
| 28:49 | Build | Farm |
| 29:14 | Build | Mining Camp |
| 29:20 | Build | Lumber Camp |
| 29:32 | Create | War Elephant |
| 29:32 | Create | War Elephant |
| 29:37 | Create | War Elephant |
| 29:37 | Create | War Elephant |
| 29:43 | Create | Battering Ram |
| 29:44 | Create | Battering Ram |
| 30:25 | Build | Lumber Camp |
| 30:28 | Build | Farm |
| 30:31 | Build | Farm |
| 30:34 | Create | Villager (Male) |
| 30:34 | Create | Villager (Male) |
| 30:35 | Create | Villager (Male) |
| 31:07 | Create | War Elephant |
| 31:08 | Create | War Elephant |
| 31:08 | Create | War Elephant |
| 31:22 | Build | Farm |
| 31:24 | Build | Farm |
| 31:24 | Create | Villager (Male) |
| 31:25 | Create | Villager (Male) |
| 31:25 | Create | Villager (Male) |
| 32:14 | Create | War Elephant |
Build order — -1071-
First 150 of 321 actions detected
| 0:03 | Create | Villager (Male) |
| 0:03 | Research | Loom |
| 0:03 | Create | Villager (Male) |
| 0:03 | Create | Villager (Male) |
| 0:03 | Create | Villager (Male) |
| 0:08 | Build | House |
| 0:09 | Build | House |
| 0:11 | Build | House |
| 0:12 | Build | House |
| 0:52 | Build | Palisade Wall |
| 2:00 | Create | Villager (Male) |
| 2:42 | Build | Outpost |
| 2:54 | Build | Outpost |
| 3:02 | Create | Villager (Male) |
| 3:03 | Create | Villager (Male) |
| 3:55 | Build | Palisade Wall |
| 3:59 | Create | Villager (Male) |
| 3:59 | Create | Villager (Male) |
| 3:59 | Create | Villager (Male) |
| 4:23 | Create | Villager (Male) |
| 4:23 | Create | Villager (Male) |
| 4:23 | Create | Villager (Male) |
| 4:45 | Build | Outpost |
| 4:48 | Build | Outpost |
| 5:04 | Create | Villager (Male) |
| 5:04 | Create | Villager (Male) |
| 5:04 | Create | Villager (Male) |
| 5:37 | Build | Palisade Wall |
| 5:40 | Create | Villager (Male) |
| 5:41 | Create | Villager (Male) |
| 5:41 | Create | Villager (Male) |
| 7:05 | Build | Palisade Wall |
| 8:10 | Build | Palisade Wall |
| 8:15 | Create | Villager (Male) |
| 9:35 | Build | Palisade Wall |
| 10:12 | Build | Mill |
| 10:23 | Build | Lumber Camp |
| 11:13 | Research | Feudal Age |
| 11:57 | Build | Barracks |
| 12:40 | Build | Mining Camp |
| 13:23 | Age | Feudal Age |
| 13:26 | Create | Villager (Male) |
| 13:27 | Create | Villager (Male) |
| 14:09 | Create | Villager (Male) |
| 14:28 | Research | Double-Bit Axe |
| 14:31 | Create | Villager (Male) |
| 14:55 | Build | House |
| 14:56 | Build | House |
| 14:57 | Build | House |
| 15:00 | Build | House |
| 15:04 | Build | House |
| 15:12 | Create | Villager (Male) |
| 15:12 | Create | Villager (Male) |
| 15:13 | Create | Villager (Male) |
| 16:13 | Create | Villager (Male) |
| 16:49 | Create | Villager (Male) |
| 17:19 | Create | Villager (Male) |
| 17:46 | Build | Blacksmith |
| 18:03 | Build | Market |
| 18:31 | Build | Archery Range |
| 18:53 | Build | Stone Wall |
| 20:17 | Build | Stone Wall |
| 20:25 | Build | Farm |
| 20:27 | Build | Farm |
| 20:27 | Build | Farm |
| 20:31 | Build | Farm |
| 20:32 | Build | Farm |
| 20:34 | Build | Farm |
| 20:35 | Build | Farm |
| 20:37 | Build | Farm |
| 20:38 | Build | Farm |
| 20:40 | Research | Horse Collar |
| 21:18 | Create | Villager (Male) |
| 21:42 | Build | Farm |
| 21:43 | Build | Farm |
| 21:44 | Build | Farm |
| 21:50 | Build | Farm |
| 21:51 | Build | Farm |
| 22:16 | Build | Stone Wall |
| 22:39 | Build | Farm |
| 23:42 | Build | Archery Range |
| 23:46 | Create | Archer |
| 23:47 | Create | Archer |
| 23:49 | Research | Castle Age |
| 24:50 | Create | Archer |
| 24:50 | Create | Archer |
| 25:27 | Create | Archer |
| 25:28 | Create | Archer |
| 26:14 | Create | Archer |
| 26:14 | Create | Archer |
| 26:29 | Age | Castle Age |
| 26:32 | Create | Villager (Male) |
| 26:32 | Create | Villager (Male) |
| 26:48 | Build | Town Center |
| 27:06 | Build | Town Center |
| 27:13 | Build | Lumber Camp |
| 27:21 | Create | Villager (Male) |
| 27:22 | Create | Villager (Male) |
| 27:22 | Create | Villager (Male) |
| 27:30 | Build | House |
| 27:32 | Build | House |
| 27:35 | Build | House |
| 27:37 | Build | House |
| 27:39 | Build | House |
| 27:40 | Build | House |
| 27:43 | Build | House |
| 27:51 | Create | Villager (Male) |
| 27:51 | Create | Villager (Male) |
| 27:52 | Create | Villager (Male) |
| 27:53 | Create | Villager (Male) |
| 28:00 | Create | Villager (Male) |
| 28:01 | Create | Villager (Male) |
| 28:01 | Create | Villager (Male) |
| 28:06 | Build | Farm |
| 28:29 | Create | Villager (Male) |
| 28:30 | Create | Villager (Male) |
| 29:06 | Create | Villager (Male) |
| 29:06 | Create | Villager (Male) |
| 29:08 | Create | Villager (Male) |
| 29:24 | Create | Villager (Male) |
| 29:28 | Research | Heavy Plow |
| 29:29 | Research | Bow Saw |
| 29:33 | Create | Elephant Archer |
| 29:33 | Create | Elephant Archer |
| 29:44 | Create | Villager (Male) |
| 29:44 | Create | Villager (Male) |
| 29:46 | Create | Villager (Male) |
| 29:53 | Research | Gold Mining |
| 30:18 | Create | Villager (Male) |
| 30:18 | Create | Villager (Male) |
| 30:18 | Create | Villager (Male) |
| 30:18 | Create | Villager (Male) |
| 30:18 | Create | Villager (Male) |
| 30:24 | Create | Villager (Male) |
| 30:24 | Create | Villager (Male) |
| 30:40 | Create | Elephant Archer |
| 30:41 | Create | Elephant Archer |
| 30:46 | Create | Elephant Archer |
| 31:09 | Create | Villager (Male) |
| 31:09 | Create | Villager (Male) |
| 31:20 | Build | Farm |
| 31:23 | Create | Villager (Male) |
| 31:40 | Create | Villager (Male) |
| 31:40 | Create | Villager (Male) |
| 31:54 | Create | Villager (Male) |
| 31:55 | Create | Villager (Male) |
| 32:02 | Create | Villager (Male) |
| 32:17 | Create | Villager (Male) |
| 32:17 | Create | Villager (Male) |
| 32:20 | Create | Villager (Male) |
Build order — Blei Blei
First 150 of 377 actions detected
| 0:06 | Build | House |
| 0:08 | Build | House |
| 0:09 | Create | Villager (Male) |
| 0:09 | Create | Villager (Male) |
| 0:09 | Create | Villager (Male) |
| 0:09 | Create | Villager (Male) |
| 0:10 | Create | Villager (Male) |
| 1:41 | Create | Villager (Male) |
| 1:41 | Create | Villager (Male) |
| 2:35 | Create | Villager (Male) |
| 2:35 | Create | Villager (Male) |
| 2:35 | Create | Villager (Male) |
| 2:55 | Research | Loom |
| 3:02 | Create | Villager (Male) |
| 3:03 | Create | Villager (Male) |
| 3:03 | Create | Villager (Male) |
| 3:23 | Build | Palisade Wall |
| 3:58 | Create | Villager (Male) |
| 3:58 | Create | Villager (Male) |
| 3:58 | Create | Villager (Male) |
| 5:18 | Create | Villager (Male) |
| 5:18 | Create | Villager (Male) |
| 5:18 | Create | Villager (Male) |
| 5:31 | Build | Lumber Camp |
| 5:59 | Create | Villager (Male) |
| 5:59 | Create | Villager (Male) |
| 5:59 | Create | Villager (Male) |
| 6:13 | Build | House |
| 6:49 | Build | House |
| 7:06 | Create | Villager (Male) |
| 7:49 | Build | Mill |
| 7:51 | Create | Villager (Male) |
| 7:52 | Create | Villager (Male) |
| 8:02 | Create | Villager (Male) |
| 8:28 | Build | Mill |
| 8:34 | Create | Villager (Male) |
| 9:05 | Create | Villager (Male) |
| 9:37 | Build | Dock |
| 9:47 | Research | Feudal Age |
| 9:47 | Research | Feudal Age |
| 9:47 | Research | Feudal Age |
| 10:09 | Build | Lumber Camp |
| 10:33 | Create | Villager (Male) |
| 10:34 | Create | Villager (Male) |
| 11:39 | Build | Outpost |
| 11:46 | Build | Outpost |
| 11:50 | Create | Villager (Male) |
| 11:50 | Create | Villager (Male) |
| 11:54 | Create | Fishing Ship |
| 11:54 | Create | Fishing Ship |
| 11:57 | Age | Feudal Age |
| 12:02 | Build | Stone Wall |
| 12:13 | Build | Stone Wall |
| 12:32 | Build | Stone Wall |
| 12:42 | Build | Stone Wall |
| 12:56 | Build | Stone Wall |
| 13:10 | Create | Villager (Male) |
| 13:10 | Create | Villager (Male) |
| 13:37 | Build | Barracks |
| 13:42 | Build | Farm |
| 13:42 | Build | Farm |
| 13:42 | Build | Farm |
| 13:43 | Build | Farm |
| 13:43 | Build | Farm |
| 14:21 | Build | Mining Camp |
| 14:38 | Create | Villager (Male) |
| 14:38 | Create | Villager (Male) |
| 14:39 | Create | Villager (Male) |
| 14:56 | Build | Mining Camp |
| 15:51 | Build | Watch Tower |
| 16:01 | Build | House |
| 16:02 | Build | House |
| 16:47 | Build | Farm |
| 16:47 | Build | Farm |
| 16:47 | Build | Farm |
| 16:48 | Build | Farm |
| 16:48 | Build | Farm |
| 16:55 | Create | Villager (Male) |
| 16:55 | Create | Villager (Male) |
| 16:55 | Create | Villager (Male) |
| 16:56 | Create | Villager (Male) |
| 17:26 | Build | Mining Camp |
| 17:48 | Build | Watch Tower |
| 18:41 | Build | Mining Camp |
| 18:45 | Build | House |
| 18:46 | Create | Villager (Male) |
| 18:47 | Create | Villager (Male) |
| 19:22 | Build | House |
| 19:23 | Build | House |
| 19:30 | Build | Market |
| 19:33 | Build | Blacksmith |
| 19:46 | Build | Watch Tower |
| 19:55 | Create | Militia |
| 19:55 | Create | Militia |
| 21:07 | Create | Villager (Male) |
| 21:08 | Create | Villager (Male) |
| 22:28 | Build | Farm |
| 22:28 | Build | Farm |
| 22:44 | Research | Castle Age |
| 22:44 | Research | Castle Age |
| 24:07 | Create | Villager (Male) |
| 24:07 | Create | Villager (Male) |
| 24:07 | Create | Villager (Male) |
| 25:18 | Build | Mining Camp |
| 25:24 | Age | Castle Age |
| 25:27 | Build | Town Center |
| 25:35 | Build | Town Center |
| 25:42 | Create | Villager (Male) |
| 25:42 | Create | Villager (Male) |
| 26:18 | Build | Farm |
| 26:33 | Research | Wheelbarrow |
| 26:36 | Create | Villager (Male) |
| 26:36 | Create | Villager (Male) |
| 26:44 | Build | Farm |
| 26:44 | Build | Farm |
| 26:44 | Build | Farm |
| 26:44 | Build | Farm |
| 26:44 | Build | Farm |
| 26:45 | Build | Farm |
| 26:56 | Build | Farm |
| 26:58 | Build | Farm |
| 26:58 | Build | Farm |
| 26:59 | Build | Farm |
| 27:13 | Create | Villager (Male) ×4 |
| 27:13 | Create | Villager (Male) ×4 |
| 27:30 | Build | Siege Workshop |
| 27:53 | Build | Farm |
| 28:00 | Create | Villager (Male) ×3 |
| 28:01 | Create | Villager (Male) |
| 28:02 | Create | Villager (Male) |
| 28:03 | Create | Villager (Male) |
| 28:19 | Build | Farm |
| 28:19 | Build | Farm |
| 28:19 | Build | Farm |
| 28:24 | Create | Villager (Male) |
| 28:42 | Build | Farm |
| 28:50 | Research | Double-Bit Axe |
| 29:00 | Build | Farm |
| 29:04 | Create | Villager (Male) ×2 |
| 29:44 | Build | Castle |
| 30:29 | Create | Villager (Male) ×5 |
| 30:29 | Create | Villager (Male) |
| 30:43 | Create | Petard |
| 30:43 | Create | Petard |
| 30:44 | Create | Petard |
| 30:44 | Create | Petard |
| 30:45 | Create | Petard |
| 30:46 | Create | Petard |
| 31:31 | Build | Farm |
| 31:31 | Build | Farm |
Match timeline
| 0:19 | Pandane_Cc · wall_segment Palisade Wall x18 |
| 0:50 | Astorre Aprile · wall_segment Palisade Wall x3 |
| 0:52 | -1071- · wall_segment Palisade Wall x33 |
| 0:54 | Astorre Aprile · wall_segment Palisade Wall x6 |
| 0:56 | Astorre Aprile · wall_segment Palisade Wall x3 |
| 2:53 | Astorre Aprile · wall_segment Palisade Wall x21 |
| 3:23 | Blei Blei · wall_segment Palisade Wall x17 |
| 3:55 | -1071- · wall_segment Palisade Wall x15 |
| 5:37 | -1071- · wall_segment Palisade Wall x11 |
| 5:42 | lokigr13 · first_building Dock |
| 6:38 | kappael02 · first_building Barracks |
| 6:49 | kappael02 · first_building Dock |
| 7:05 | -1071- · wall_segment Palisade Wall x15 |
| 8:10 | -1071- · wall_segment Palisade Wall x13 |
| 9:35 | -1071- · wall_segment Palisade Wall x3 |
| 9:37 | Blei Blei · first_building Dock |
| 9:38 | CHARLE§ITHO☻ · first_building Barracks |
| 11:10 | CHARLE§ITHO☻ · age_up feudal |
| 11:38 | Pandane_Cc · age_up feudal |
| 11:57 | -1071- · first_building Barracks |
| 11:57 | Blei Blei · age_up feudal |
| 12:02 | Blei Blei · wall_segment Stone Wall x1 |
| 12:13 | Blei Blei · wall_segment Stone Wall x1 |
| 12:17 | lokigr13 · age_up feudal |
| 12:32 | Blei Blei · wall_segment Stone Wall x5 |
| 12:42 | Blei Blei · wall_segment Stone Wall x5 |
| 12:56 | Blei Blei · wall_segment Stone Wall x5 |
| 12:57 | CHARLE§ITHO☻ · first_building Stable |
| 13:23 | -1071- · age_up feudal |
| 13:37 | Blei Blei · first_building Barracks |
| 13:59 | Bruno MIRANDA · first_building Barracks |
| 14:30 | kappael02 · age_up feudal |
| 14:46 | Astorre Aprile · age_up feudal |
| 15:06 | kappael02 · first_building Archery Range |
| 16:45 | Bruno MIRANDA · age_up feudal |
| 17:50 | Pandane_Cc · wall_segment Stone Wall x15 |
| 18:15 | Pandane_Cc · wall_segment Stone Wall x1 |
| 18:31 | -1071- · first_building Archery Range |
| 18:48 | lokigr13 · age_up castle |
| 18:53 | -1071- · wall_segment Stone Wall x18 |
| 19:35 | Astorre Aprile · wall_segment Stone Wall x11 |
| 19:38 | Astorre Aprile · wall_segment Stone Wall x9 |
| 19:41 | Pandane_Cc · wall_segment Palisade Wall x1 |
| 19:42 | Pandane_Cc · wall_segment Palisade Wall x1 |
| 19:47 | Pandane_Cc · wall_segment Palisade Wall x1 |
| 19:48 | Pandane_Cc · wall_segment Palisade Wall x1 |
| 19:51 | Pandane_Cc · wall_segment Palisade Wall x1 |
| 20:17 | -1071- · wall_segment Stone Wall x19 |
| 21:16 | lokigr13 · first_building Castle |
| 21:21 | Bruno MIRANDA · age_up castle |
| 22:16 | -1071- · wall_segment Stone Wall x13 |
| 22:45 | Astorre Aprile · first_market_sell 100 wood |
| 23:34 | kappael02 · age_up castle |
| 23:48 | CHARLE§ITHO☻ · age_up castle |
| 24:00 | CHARLE§ITHO☻ · first_market_sell 100 wood |
| 24:04 | CHARLE§ITHO☻ · first_market_buy 100 stone |
| 24:19 | CHARLE§ITHO☻ · first_building Castle |
| 24:24 | Astorre Aprile · wall_segment Stone Wall x5 |
| 24:28 | Astorre Aprile · wall_segment Stone Wall x6 |
| 24:34 | Astorre Aprile · wall_segment Stone Wall x5 |
| 24:35 | Bruno MIRANDA · first_building Castle |
| 24:51 | lokigr13 · wall_segment Stone Wall x12 |
| 25:24 | Blei Blei · age_up castle |
| 26:08 | Astorre Aprile · first_building Barracks |
| 26:29 | -1071- · age_up castle |
| 26:49 | Astorre Aprile · age_up castle |
| 27:00 | Astorre Aprile · first_building Monastery |
| 27:02 | Pandane_Cc · tribute_sent a jugador 1 |
| 27:02 | Pandane_Cc · tribute_sent a jugador 2 |
| 27:02 | Pandane_Cc · tribute_sent a jugador 4 |
| 27:02 | Pandane_Cc · tribute_sent a jugador 5 |
| 27:02 | Pandane_Cc · tribute_sent a jugador 6 |
| 27:02 | Pandane_Cc · tribute_sent a jugador 7 |
| 27:02 | Pandane_Cc · tribute_sent a jugador 8 |
| 27:29 | Pandane_Cc · first_market_sell 100 wood |
| 27:30 | Blei Blei · first_building Siege Workshop |
| 27:37 | CHARLE§ITHO☻ · first_building Siege Workshop |
| 27:41 | Pandane_Cc · tribute_sent a jugador 1 |
| 27:41 | Pandane_Cc · tribute_sent a jugador 2 |
| 27:41 | Pandane_Cc · tribute_sent a jugador 4 |
| 27:41 | Pandane_Cc · tribute_sent a jugador 5 |
| 27:41 | Pandane_Cc · tribute_sent a jugador 6 |
| 27:41 | Pandane_Cc · tribute_sent a jugador 7 |
| 27:41 | Pandane_Cc · tribute_sent a jugador 8 |
| 27:42 | kappael02 · first_building Castle |
| 28:01 | Bruno MIRANDA · first_building Siege Workshop |
| 28:03 | kappael02 · first_building Monastery |
| 28:39 | kappael02 · first_building Siege Workshop |
| 29:10 | Pandane_Cc · age_up castle |
| 29:20 | Pandane_Cc · first_building Castle |
| 29:32 | Pandane_Cc · wall_segment Stone Wall x1 |
| 29:36 | Pandane_Cc · wall_segment Stone Wall x1 |
| 29:40 | Pandane_Cc · wall_segment Stone Wall x2 |
| 29:44 | Blei Blei · first_building Castle |
| 29:47 | Pandane_Cc · wall_segment Stone Wall x1 |
| 30:44 | kappael02 · first_building Stable |
| 31:20 | Astorre Aprile · first_building Castle |
| 31:38 | Bruno MIRANDA · age_up imperial |
| 31:53 | kappael02 · first_market_sell 100 stone |
| 33:21 | lokigr13 · first_market_sell 100 wood |
| 34:31 | -1071- · first_building Castle |
| 35:11 | kappael02 · age_up imperial |
| 35:55 | Blei Blei · age_up imperial |
| 37:08 | lokigr13 · tribute_sent a jugador 2 |
| 37:08 | lokigr13 · tribute_sent a jugador 3 |
| 37:08 | lokigr13 · tribute_sent a jugador 4 |
| 37:08 | lokigr13 · tribute_sent a jugador 5 |
| 37:08 | lokigr13 · tribute_sent a jugador 6 |
| 37:08 | lokigr13 · tribute_sent a jugador 7 |
| 37:08 | lokigr13 · tribute_sent a jugador 8 |
| 37:15 | Astorre Aprile · wall_segment Stone Wall x14 |
| 37:24 | -1071- · first_building Stable |
| 37:40 | lokigr13 · age_up imperial |
| 37:52 | kappael02 · first_market_buy 100 wood |
| 38:09 | -1071- · wall_segment Stone Wall x5 |
| 38:42 | Astorre Aprile · first_building Siege Workshop |
| 38:43 | Astorre Aprile · age_up imperial |
| 39:25 | lokigr13 · first_market_buy 100 stone |
| 39:56 | CHARLE§ITHO☻ · wall_segment Stone Wall x5 |
| 40:15 | Astorre Aprile · first_building Archery Range |
| 40:16 | CHARLE§ITHO☻ · wall_segment Stone Wall x3 |
| 40:48 | Pandane_Cc · first_building Barracks |
| 40:54 | -1071- · first_market_buy 100 stone |
| 41:35 | CHARLE§ITHO☻ · wall_segment Stone Wall x1 |
| 41:54 | CHARLE§ITHO☻ · wall_segment Stone Wall x6 |
| 42:09 | -1071- · age_up imperial |
| 43:06 | Astorre Aprile · first_building Stable |
| 43:34 | lokigr13 · first_building Barracks |
| 43:40 | Pandane_Cc · first_building Stable |
| 44:08 | CHARLE§ITHO☻ · age_up imperial |
| 44:38 | lokigr13 · first_building Archery Range |
| 44:39 | Bruno MIRANDA · first_market_sell 100 food |
| 46:39 | Pandane_Cc · age_up imperial |
| 46:49 | lokigr13 · first_building Stable |
| 51:28 | -1071- · wall_segment Stone Wall x7 |
| 51:38 | -1071- · wall_segment Stone Wall x8 |
| 52:14 | CHARLE§ITHO☻ · wall_segment Stone Wall x4 |
| 52:26 | Pandane_Cc · first_building Siege Workshop |
| 52:43 | CHARLE§ITHO☻ · wall_segment Stone Wall x10 |
| 53:44 | CHARLE§ITHO☻ · wall_segment Stone Wall x7 |
| 53:46 | CHARLE§ITHO☻ · wall_segment Stone Wall x1 |
| 53:56 | Blei Blei · first_market_buy 100 stone |
| 55:51 | CHARLE§ITHO☻ · wall_segment Stone Wall x5 |
| 55:53 | CHARLE§ITHO☻ · wall_segment Stone Wall x1 |
| 56:22 | CHARLE§ITHO☻ · wall_segment Stone Wall x1 |
| 57:05 | CHARLE§ITHO☻ · wall_segment Stone Wall x9 |
| 57:13 | Blei Blei · first_building Stable |
| 60:49 | kappael02 · wall_segment Stone Wall x1 |
| 62:06 | Blei Blei · resign |
[ AI ANALYSIS · 1 CREDIT ]
What really happened in this match?
Wolo.gg analyzes every decision: build order, eco, micro, common mistakes by bracket. Personalized analysis on WhatsApp or Discord in 30 seconds.
Civ guide
Burgundians
Map guide
Black Forest
Perfil
Astorre Aprile